 Dungeon Crawl Stone Soup version 0.24.0-10-g970556be89 (webtiles) character file.

Game seed: 1853261666994811808, levelgen mode: deterministic

728316 zhorgal the Timeless (level 27, -3/221 HPs)
             Began as a Gnoll Wanderer on Oct 31, 2019.
             Was a High Priest of Cheibriados.
             Killed from afar by a purple draconian knight (21 damage)
             ... with a bolt of cold
             ... on level 4 of the Realm of Zot on Nov 4, 2019.
             The game lasted 06:15:25 (79315 turns).

zhorgal the Timeless (Gnoll Wanderer)              Turns: 79315, Time: 06:15:26

Health: -3/221     AC: 44    Str: 30    XL:     27
Magic:  19/41      EV: 21    Int: 42    God:    Cheibriados [*****.]
Gold:   6634       SH: 25    Dex: 27    Spells: 1/64 levels left

rFire    + . .     SeeInvis +   a - +10 broad axe of Beyond {chop, rElec Str-2 Int+5}
rCold    + . .     Gourm    .   I - +0 large shield
rNeg     . . .     Faith    +   B - +8 gold dragon scales
rPois    +         Spirit   .   j - +2 helmet
rElec    +         Reflect  .   D - +1 cloak {+Inv}
rCorr    .         Harm     .   p - +2 pair of gloves {Str+3}
MR       ++...                  T - +2 pair of boots
Stlth    +.........             h - amulet of faith
HPRegen  0.00/turn              W - +6 ring of slaying
MPRegen  0.27/turn              L - ring of see invisible

@: very slightly contaminated, non-regenerating, diseased, very slow
A: distributed training, fangs 1, blurry vision 1, clumsy 1, deterioration 1,
low mp 1, screaming 1, weak 2, no potion heal 1, subdued magic 2, strong nose
}: 5/15 runes: decaying, serpentine, slimy, silver, abyssal
a: Bend Time, Temporal Distortion, Slouch, Step From Time, Renounce Religion,
Evoke Invisibility


You were on level 4 of the Realm of Zot.
You worshipped Cheibriados.
Cheibriados was extremely pleased with you.
You were hungry.

You visited 12 branches of the dungeon, and saw 57 of its levels.
You visited the Abyss 3 times.
You also visited: Bailey.

You collected 8516 gold pieces.
You spent 1882 gold pieces at shops.

Inventory:

Hand Weapons
 a - the +10 broad axe of Beyond (weapon) {chop, rElec Str-2 Int+5}
   (You found it on level 4 of the Swamp)

   It inflicts extra damage upon your enemies.
   It affects your strength (-2).
   It affects your intelligence (+5).
   It insulates you from electricity.
 b - a +9 demon whip of electrocution
Missiles
 e - 1492 arrows
 Z - 17 javelins (quivered)
Armour
 j - a +2 helmet (worn)
 p - a +2 pair of gloves of strength (worn)
 B - +8 gold dragon scales (worn)
 D - a +1 cloak of invisibility (worn)
 I - a +0 large shield (worn)
 T - a +2 pair of boots (worn)
Jewellery
 h - an amulet of faith (around neck)
 q - an uncursed ring of resist corrosion
 y - an uncursed ring of protection from fire
 L - a ring of see invisible (right hand)
 W - a +6 ring of slaying (left hand)
Wands
 g - a wand of disintegration (23)
 u - a wand of paralysis (32)
 v - a wand of iceblast (36)
 H - a wand of clouds (6)
 J - a wand of enslavement (26)
 K - a wand of scattershot (6)
 R - a wand of acid (37)
 V - a wand of digging (8)
Scrolls
 c - 32 scrolls of teleportation
 k - 38 scrolls of remove curse
 n - 7 scrolls of blinking
 s - a scroll of summoning
 t - 10 scrolls of immolation
 x - 6 scrolls of fog
 A - 6 scrolls of enchant weapon
 C - a scroll of holy word
 G - 5 scrolls of magic mapping
 M - 16 scrolls of identify
 S - 3 scrolls of silence
 U - 10 scrolls of fear
Potions
 d - 4 potions of mutation
 l - 4 potions of agility
 m - 8 potions of might
 o - 7 potions of resistance
 r - 11 potions of invisibility
 w - 14 potions of curing
 z - 7 potions of cancellation
 E - 6 potions of ambrosia
 F - 4 potions of magic
 Q - 3 potions of heal wounds
Miscellaneous
 i - 4 boxes of beasts
 N - 3 phantom mirrors
 O - 8 sacks of spiders
 P - a lamp of fire
 X - a fan of gales
 Y - a lightning rod (4/4)
Comestibles
 f - 96 rations


   Skills:
 + Level 19.0 Fighting
 + Level 18.9 Short Blades
 + Level 18.9 Long Blades
 + Level 18.9 Axes
 + Level 18.9 Maces & Flails
 + Level 18.9 Polearms
 + Level 19.3 Staves
 + Level 18.9 Slings
 + Level 18.9 Bows
 + Level 18.9 Crossbows
 + Level 18.9 Throwing
 + Level 18.9 Armour
 + Level 19.3 Dodging
 + Level 18.9 Stealth
 + Level 18.9 Shields
 + Level 18.9 Unarmed Combat
 + Level 19.1 Spellcasting
 + Level 16.3 Conjurations
 + Level 16.3 Hexes
 + Level 16.3 Charms
 + Level 16.3 Summonings
 + Level 16.3 Necromancy
 + Level 16.3 Translocations
 + Level 16.3 Transmutations
 + Level 16.3 Fire Magic
 + Level 16.3 Ice Magic
 + Level 16.3 Air Magic
 + Level 16.7 Earth Magic
 + Level 16.3 Poison Magic
 + Level 20.3 Invocations
 + Level 19.3 Evocations


You had one spell level left.
You knew the following spells:

 Your Spells              Type           Power        Failure   Level  Hunger
a - Malign Gateway        Summ/Tloc      #######...   11%         7    None
b - Sticks to Snakes      Tmut           #######.     0%          2    None
c - Blink                 Tloc           N/A          0%          2    None
d - Lesser Beckoning      Tloc           #######...   0%          3    None
e - Passwall              Tmut/Erth      #######.     0%          2    None
f - Cause Fear            Hex            #######...   1%          4    None
g - Sticky Flame          Conj/Fire      #######.     1%          4    None
h - Lee's Rapid Deconstr  Erth           #######...   1%          5    None
i - Fireball              Conj/Fire      #######...   1%          5    None
j - Summon Lightning Spi  Summ/Air       #######.     1%          4    None
k - Borgnjor's Vile Clut  Necr/Erth      #######...   1%          5    None
l - Freezing Cloud        Conj/Ice/Air   #######...   1%          6    None
m - Shadow Creatures      Summ           N/A          1%          6    None
n - Summon Mana Viper     Hex/Summ       #######.     1%          5    None
R - Regeneration          Chrm/Necr      #######...   0%          3    None

Your spell library contained the following spells:

 Spells                   Type           Power        Failure   Level  Hunger
 Animate Skeleton         Necr           N/A          0%          1    None
 Beastly Appendage        Tmut           ######       0%          1    None
 Corona                   Hex            #######      0%          1    None
 Flame Tongue             Conj/Fire      #####        0%          1    None
 Freeze                   Ice            ####         0%          1    None
 Magic Dart               Conj           ####         0%          1    None
 Pain                     Necr           ####         0%          1    None
 Sandblast                Erth           ######       0%          1    None
 Shock                    Conj/Air       ####         0%          1    None
 Summon Small Mammal      Summ           ####         0%          1    None
 Call Imp                 Summ           #######.     0%          2    None
 Corpse Rot               Necr           N/A          0%          2    None
 Ensorcelled Hibernation  Hex/Ice        ######       0%          2    None
 Searing Ray              Conj           ######       0%          2    None
 Shroud of Golubria       Chrm/Tloc      ######       0%          2    None
 Slow                     Hex            #######.     0%          2    None
 Swiftness                Chrm/Air       #######.     0%          2    None
 Throw Flame              Conj/Fire      ######       0%          2    None
 Throw Frost              Conj/Ice       ######       0%          2    None
 Call Canine Familiar     Summ           #######.     0%          3    None
 Confuse                  Hex            #######.     0%          3    None
 Conjure Flame            Conj/Fire      #######.     0%          3    None
 Dazzling Spray           Conj/Hex       ######       0%          3    None
 Gell's Gravitas          Tloc           #######...   0%          3    None
 Inner Flame              Hex/Fire       #######.     0%          3    None
 Ozocubu's Armour         Chrm/Ice       #######.     0%          3    None
 Portal Projectile        Hex/Tloc       ######       0%          3    None
 Recall                   Summ/Tloc      N/A          0%          3    None
 Spider Form              Tmut/Pois      #######...   0%          3    None
 Static Discharge         Conj/Air       #######.     0%          3    None
 Stone Arrow              Conj/Erth      ######       0%          3    None
 Summon Guardian Golem    Hex/Summ       #######.     0%          3    None
 Teleport Other           Tloc           #######.     0%          3    None
 Tukima's Dance           Hex            #######.     0%          3    None
 Vampiric Draining        Necr           #######...   0%          3    None
 Airstrike                Air            #######...   1%          4    None
 Animate Dead             Necr           N/A          1%          4    None
 Force Lance              Conj/Tloc      #######.     1%          4    None
 Fulminant Prism          Conj/Hex       #######...   1%          4    None
 Ice Form                 Ice/Tmut       #######.     1%          4    None
 Iskenderun's Mystic Bla  Conj           #######.     1%          4    None
 Leda's Liquefaction      Hex/Erth       #######...   1%          4    None
 Passage of Golubria      Tloc           N/A          1%          4    None
 Petrify                  Tmut/Erth      #######.     1%          4    None
 Summon Ice Beast         Ice/Summ       #######.     1%          4    None
 Throw Icicle             Conj/Ice       #######.     1%          4    None
 Aura of Abjuration       Summ           #######...   1%          5    None
 Blade Hands              Tmut           #######...   1%          5    None
 Bolt of Draining         Conj/Necr      #######...   1%          5    None
 Bolt of Magma            Conj/Fire/Erth #######...   1%          5    None
 Lightning Bolt           Conj/Air       #######...   1%          5    None
 Metabolic Englaciation   Hex/Ice        #######...   1%          5    None
 Silence                  Hex/Air        #######...   1%          5    None
 Summon Demon             Summ           #######...   1%          5    None
 Summon Forest            Summ/Tloc      #######...   1%          5    None
 Yara's Violent Unravell  Hex/Tmut       #######...   1%          5    None
 Bolt of Cold             Conj/Ice       #######...   1%          6    None
 Deflect Missiles         Chrm/Air       #######...   1%          6    None
 Hydra Form               Tmut           #######...   1%          6    None
 Iron Shot                Conj/Erth      #######...   1%          6    None
 Ozocubu's Refrigeration  Ice            #######...   1%          6    None
 Simulacrum               Ice/Necr       #######...   1%          6    None
 Statue Form              Tmut/Erth      #######..    1%          6    None
 Monstrous Menagerie      Summ           #######...   11%         7    None
 Summon Greater Demon     Summ           #######...   11%         7    None
 Summon Hydra             Summ           #######...   11%         7    None
 Borgnjor's Revivificati  Necr           #######...   67%         8    ##.....
 Discord                  Hex            #######...   67%         8    ##.....
 Summon Horrible Things   Summ           #######...   67%         8    ##.....
 Shatter                  Erth           #######...   100%        9    ####...


Dungeon Overview and Level Annotations

Branches:
Dungeon (15/15)            Temple (1/1) D:5            Lair (6/6) D:11
  Swamp (4/4) Lair:3        Snake (4/4) Lair:2        Slime (5/5) Lair:5
    Orc (2/2) D:10            Elf (3/3) Orc:2        Vaults (5/5) D:13
  Crypt (3/3) Vaults:3       Tomb (0/3) Crypt:3      Depths (5/5) D:15
    Zot (4/5) Depths:5     Bailey (visited)

Altars:
Ashenzari
Cheibriados
Dithmenos
Elyvilon
Fedhas
Gozag
Hepliaklqana
Kikubaaqudgha
Makhleb
Nemelex Xobeh
Okawaru
Qazlal
Ru
Sif Muna
Trog
Uskayaw
Vehumet
Wu Jian
Xom
Yredelemnul
Zin
The Shining One
Beogh
Jiyva

Shops:
Orc:2 *[=(   Elf:1 ?   Elf:3 [   Snake:2 ==}   Snake:4 [   Vaults:3 [
Vaults:4 [   Depths:2 *

Portals:
Hell: Depths:1 Depths:2 Depths:3 Depths:4 Depths:5
Abyss: Depths:3 Depths:4
Pandemonium: Depths:2 Depths:3
Ziggurat: Depths:5

Annotations:
D:8 2 transporters, Aviak's ghost, novice DrAK
Lair:6 exclusion: 2 oklob plants
Orc:1 !jogrun
Crypt:1 2 runed translucent doors, Hali's ghost, veteran FoFi


Innate Abilities, Weirdness & Mutations

Your experience applies equally to all skills.
You have very sharp teeth.
Your uncanny sense of smell can sniff out nearby items.
Scrolls take you a little longer to read.
You are clumsy. (Dex -2)
Your body sometimes deteriorates upon taking damage.
Your magical capacity is low. (-10% MP)
You occasionally shout uncontrollably at your foes.
You are very weak. (Str -4)
Potions are less effective at restoring your health.
Your spells are easier to cast, but less powerful.


Message History

You slash the wandering mushroom! x2; You hit the black draconian.
You hit the purple draconian knight but do no damage.
You block the purple draconian knight's attack.
The black draconian hits you with a +0 halberd!
* * * LOW HITPOINT WARNING * * *
Casting: Malign Gateway (quite dangerous; 11% risk of failure)
Confirm with . or Enter, or press ? or * to list all spells.
Aiming: Lee's Rapid Deconstruction (safe; 1% risk of failure)
Press: ? - help, Dir - move target cursor A rock wall.
The wall shatters!
The blast of rock fragments hits the black draconian!
The black draconian is heavily wounded.
The blast of rock fragments hits the curse toe but does no damage.
The curse toe is lightly damaged.
The blast of rock fragments hits the purple draconian knight but does no damage.
The purple draconian knight is almost dead.
The purple draconian knight gestures at you while chanting.
The bolt of cold hits you!! You resist.
You die...

##..... ##
....... ..#.#
#. ###.....
#.#.....
#.....#
#.......##))..#
#......##.)).#
#..##.#.[<)##
#..#.f.d))#
#)#.^@q###
#.)..fz#
#[).$###
##....# ##....#
##...# #.....
##....# .....


You could see a purple draconian knight (invisible), a black draconian
(berserk), a curse toe and 2 wandering mushrooms.

Vanquished Creatures
  the Royal Jelly (Slime:5)
  2 orbs of fire (Zot:3)
  Mara (Vaults:3)
  Mennas (Depths:5)
  2 ancient liches
  A juggernaut (Depths:5)
  Sojobo (Crypt:2)
  Frederick (Depths:5)
  Bai Suzhen (Swamp:3)
  Vashnia (Snake:4)
  Saint Roka (Snake:4)
  6 golden dragons
  A profane servitor (Crypt:3)
  5 bone dragons
  An electric golem (Zot:3)
  Jorgrun (Orc:1)
  13 tentacled monstrosities
  Rupert (Vaults:1)
  A shard shrike skeleton (Crypt:2)
  8 liches
  A Hell Sentinel (Abyss:3)
  2 deep elf blademasters
  10 quicksilver dragons
  An ancient champion (Vaults:1)
  11 titans
  14 acid blobs
  10 tentacled starspawn
  Frances (D:14)
  6 sphinxes
  2 death cobs (Zot:2)
  Gastronok (Lair:2)
  A kraken (Abyss:3)
  11 shadow dragons
  6 thorn hunters
  14 tengu reavers
  11 storm dragons
  Roxanne (D:14)
  A draconian monk (Zot:2)
  15 fire giants
  11 azure jellies
  8 nagarajas
  7 draconian knights
  15 frost giants
  2 deep elf sorcerers
  A frost giant (shapeshifter) (Depths:3)
  12 vault wardens
  2 balrugs (Abyss:3)
  2 orc warlords
  Louise (D:14)
  3 ghost moths
  5 draconian scorchers
  2 iron dragons
  Aizul (Snake:2)
  A juggernaut zombie (Depths:4)
  5 spriggan defenders
  A ghost moth (shapeshifter) (Depths:1)
  3 draconian stormcallers
  2 draconian shifters (Zot:4)
  3 curse skulls (Crypt:1)
  12 ghouls
  12 ironheart preservers
  5 deep elf elementalists
  22 stone giants
  An entropy weaver (shapeshifter) (Vaults:2)
  3 draconian annihilators
  2 entropy weavers (Vaults:2)
  3 war gargoyles
  24 very ugly things
  7 green draconians
  7 vampire knights
  5 black draconians
  6 deep elf demonologists
  6 deep elf annihilators
  8 spark wasps
  A lorocyproca (Abyss:2)
  6 red draconians
  4 yellow draconians
  A minotaur (shapeshifter) (Vaults:5)
  4 white draconians
  A dire elephant (D:15)
  11 deep elf death magi
  6 purple draconians
  16 ettins
  Snorg (D:14)
  12 eidola
  2 green deaths
  11 fire dragons
  10 jiangshi
  A mummy priest (Crypt:3)
  Josephine (D:12)
  8 deep elf high priests
  A death ooze (Slime:5)
  19 yaktaur captains
  14 naga warriors
  13 great orbs of eyes
  28 hydras
  14 ice dragons
  6 rakshasas
  27 vault guards
  7 shambling mangroves
  An alligator snapping turtle (shapeshifter) (Depths:5)
  A catoblepas (Lair:5)
  11 anacondas
  4 death knights
  2 ghost crabs
  4 hell hogs
  38 dancing weapons
  6 centaur warriors
  7 ogre magi
  6 deep troll earth magi
  A queen ant (shapeshifter) (Vaults:5)
  2 spriggan air magi (Depths:2)
  11 tengu warriors
  8 alligators
  9 deep troll shamans
  23 two-headed ogres
  11 vampire magi
  13 naga sharpshooters
  16 spriggan berserkers
  A titan zombie (Crypt:3)
  19 thrashing horrors
  Urug (D:11)
  3 orc high priests
  8 shock serpents
  A storm dragon zombie (Crypt:2)
  Nergalle (Lair:4)
  A titan skeleton (Depths:2)
  3 sun demons
  4 salamander mystics
  Sonja (D:12)
  22 deep elf knights
  3 soul eaters
  8 wretched stars
  A fire crab (shapeshifter) (Vaults:2)
  5 iron trolls
  5 sixfirhies
  10 flayed ghosts
  20 skeletal warriors
  4 shadow wraiths
  A deep troll (shapeshifter) (Vaults:5)
  A sea snake (shapeshifter) (Depths:5)
  3 hell knights (Depths:5)
  11 swamp dragons
  An anaconda zombie (Crypt:3)
  8 glowing orange brains
  A shadow demon (Depths:1)
  11 deep elf archers
  5 unseen horrors
  A spark wasp zombie (Depths:4)
  An obsidian statue (Depths:1)
  17 ironbrand convokers
  A torturous demonspawn (Depths:3)
  3 wizards
  A golden dragon skeleton (Crypt:1)
  31 deep trolls
  4 naga ritualists
  A golden dragon zombie (Crypt:2)
  29 phantasmal warriors
  Pikel (D:5)
  A harpy (shapeshifter) (Depths:1)
  18 orc knights
  An anaconda skeleton (Crypt:2)
  2 lindwurms
  A wolf spider zombie (Crypt:2)
  3 tengu zombies
  29 large abominations
  5 orc sorcerers
  4 fire giant zombies
  An iron dragon zombie (Crypt:3)
  9 necromancers
  A shadow dragon skeleton (Crypt:2)
  A lindwurm (shapeshifter) (Depths:5)
  A frost giant zombie (Crypt:3)
  A manticore (shapeshifter) (Depths:4)
  A faun (Lair:3)
  2 stone giant zombies
  An elephant (shapeshifter) (D:14)
  10 mana vipers
  68 ugly things
  A wolf spider (Vaults:3)
  A cyclops (shapeshifter) (Elf:1)
  An orb spider (Abyss:3)
  An oklob plant (Swamp:3)
  54 deep elf magi
  7 cyclopes
  3 worldbinders (Abyss:3)
  18 moths of wrath
  10 salamanders
  3 manticores
  2 shining eyes (Slime:5)
  2 dire elephant zombies
  4 apocalypse crabs
  A faun (shapeshifter) (Depths:5)
  7 elephants
  3 centaur zombies
  A guardian serpent (shapeshifter) (Vaults:4)
  8 guardian serpents
  A rust devil (Depths:1)
  A water nymph (shapeshifter) (Vaults:1)
  2 fire giant skeletons
  14 naga magi
  A shock serpent zombie (Crypt:2)
  29 black mambas
  Maurice (D:11)
  7 smoke demons
  19 vault sentinels
  An ice statue (D:10)
  An eye of devastation (Slime:3)
  An eye of devastation (shapeshifter) (Slime:1)
  A spiny frog (shapeshifter) (Vaults:3)
  14 spiny frogs
  2 orc skeletons
  4 human zombies (Vaults:3)
  2 emperor scorpion zombies (Crypt:3)
  2 hellions
  2 gargoyles
  3 freezing wraiths
  A kobold demonologist (D:14)
  3 orange demons
  A storm dragon simulacrum (Depths:4)
  A dire elephant skeleton (Crypt:2)
  4 komodo dragons
  A minotaur zombie (Crypt:3)
  A komodo dragon (shapeshifter) (Vaults:2)
  2 yaktaurs (shapeshifter)
  2 ice devils
  3 rime drakes
  An alligator snapping turtle skeleton (Crypt:2)
  A guardian mummy (Crypt:3)
  61 yaktaurs
  10 ancient zymes
  A pale draconian skeleton (Crypt:1)
  3 red devils
  A silent spectre (Abyss:3)
  A hydra zombie (Crypt:3)
  3 meliai (shapeshifter)
  11 trolls
  A harpy zombie (Crypt:2)
  A red draconian skeleton (Crypt:1)
  A hellwing (Abyss:3)
  3 meliai (D:15)
  A hornet (shapeshifter) (Depths:2)
  4 tengu conjurers
  A jumping spider (shapeshifter) (Vaults:1)
  33 hornets
  9 tyrant leeches
  7 polar bears
  72 slime creatures
  17 blink frogs
  14 bog bodies
  An ettin zombie (Crypt:3)
  7 dream sheep
  15 hippogriffs
  36 raiju
  A guardian serpent skeleton (Crypt:1)
  An ice dragon zombie (Crypt:3)
  A fire dragon zombie (Crypt:1)
  A stone giant simulacrum (Crypt:2)
  8 flying skulls (Abyss:3)
  2 alligator zombies (Crypt:3)
  3 air elementals
  4 shadows
  A frost giant simulacrum (Vaults:3)
  10 water elementals
  26 spriggans
  A vampire (D:15)
  49 starcursed masses
  4 redbacks (Vaults:2)
  2 ushabtiu (Crypt:3)
  3 wyverns
  2 spriggans (shapeshifter)
  13 wraiths
  5 ynoxinuls (Abyss:3)
  2 hogs (shapeshifter)
  26 yaks
  5 fire bats (Abyss:3)
  A basilisk (shapeshifter) (D:11)
  2 hungry ghosts (D:14)
  A golden eye (shapeshifter) (Vaults:5)
  A golden eye (Slime:5)
  A fire elemental (Elf:1)
  4 neqoxecs
  2 basilisks
  Eustachio (D:6)
  16 small abominations
  3 chaos spawn
  17 swamp worms
  20 vampire mosquitoes
  A wind drake skeleton (Crypt:2)
  A deep troll zombie (Vaults:3)
  2 soldier ants
  4 insubstantial wisps (Swamp:1)
  49 nagas
  11 wargs
  2 spiny frog zombies (Crypt:3)
  A torturous demonspawn zombie (Crypt:2)
  3 acid dragons (Vaults:2)
  19 water moccasins
  4 floating eyes
  2 hell hounds (Abyss:3)
  66 orc warriors
  8 porcupines
  A deep troll skeleton (Crypt:1)
  4 black bears
  19 swamp drakes
  A human skeleton (Depths:2)
  17 necrophages
  10 sky beasts
  3 phantoms
  3 ice beasts
  A slave (D:6)
  A snapping turtle skeleton (Crypt:2)
  A wolf (shapeshifter) (D:13)
  3 eyes of draining
  33 ogres
  12 boggarts
  54 wolves
  13 centaurs
  A crocodile (shapeshifter) (Vaults:4)
  17 crocodiles
  9 big kobolds
  An elf zombie (Crypt:1)
  24 bullfrogs
  A draconian skeleton (Crypt:1)
  2 glowing shapeshifter simulacra (Vaults:3)
  3 earth elementals (Elf:1)
  4 gnoll sergeants
  A water moccasin zombie (D:5)
  9 wyvern skeletons
  6 scorpions
  23 wights
  3 killer bees (D:8)
  An oklob sapling (Swamp:3)
  12 howler monkeys
  2 electric eels
  13 crimson imps
  3 quasits
  A human simulacrum (Vaults:3)
  7 hounds
  4 centaur skeletons
  24 orc priests
  A gnoll shaman (D:6)
  7 iron imps
  5 jellies
  25 orc wizards
  2 bullfrog skeletons
  Crazy Yiuf (D:6)
  Jessica (D:2)
  6 iguanas
  A porcupine zombie (Crypt:2)
  9 worker ants
  2 killer bee zombies
  A hound zombie (D:8)
  A hound skeleton (Crypt:2)
  Robin (D:2)
  A howler monkey skeleton (Crypt:1)
  20 adders
  17 gnolls
  2 shadow imps
  6 white imps
  2 ufetubi (Abyss:3)
  An iguana zombie (Crypt:2)
  2 adder zombies
  An adder skeleton (D:5)
  6 worms
  A worm (shapeshifter) (Depths:2)
  3 dart slugs
  2 leopard geckos
  111 orcs
  7 giant cockroaches
  19 goblins
  15 hobgoblins
  10 jackals
  40 kobolds
  7 quokkas
  7 bats
  6 frilled lizards
  2 gnoll zombies (D:5)
  A jackal skeleton (D:5)
  A quokka skeleton (D:7)
  A quokka zombie (D:6)
  7 rats
  A rat skeleton (Crypt:1)
  4 fungi
  2 plants (Lair:2)
  10 starspawn tentacles (Abyss:3)
  A tentacle (Abyss:3)
  4 withered plants (Crypt:3)
2903 creatures vanquished.

Vanquished Creatures (collateral kills)
  Dissolution (Slime:2)
  An orb of fire (Zot:3)
  A golden dragon (Vaults:5)
  2 quicksilver dragons
  A titan (Vaults:5)
  12 acid blobs
  A deep elf blademaster (Elf:3)
  2 storm dragons
  A tengu reaver (Vaults:5)
  3 azure jellies
  2 deep elf sorcerers (Elf:3)
  A vault warden (Vaults:5)
  A deep elf elementalist (Elf:3)
  A stone giant (Depths:3)
  A deep elf demonologist (Elf:3)
  4 red draconians
  7 deep elf annihilators
  An ettin (Vaults:5)
  2 deep elf death magi (Elf:3)
  A death ooze (Slime:5)
  An ogre mage (Vaults:5)
  A yaktaur captain (Vaults:5)
  3 deep elf high priests
  A great orb of eyes (Slime:2)
  A naga warrior (Snake:1)
  A hydra (Swamp:4)
  2 vault guards (Vaults:5)
  A two-headed ogre (Vaults:5)
  A dancing weapon (Vaults:5)
  A death knight (Crypt:1)
  A vampire mage (Crypt:1)
  A titan zombie (Crypt:3)
  A deep elf knight (Elf:3)
  A flayed ghost (Crypt:1)
  An orc knight (Vaults:5)
  A deep elf archer (Elf:2)
  A wolf spider (shapeshifter) (Vaults:5)
  3 oklob plants (Lair:5)
  3 shining eyes
  A cyclops (D:15)
  2 deep elf magi (Elf:3)
  A moth of wrath (Zot:1)
  2 eyes of devastation
  A yaktaur (Vaults:5)
  A freezing wraith (Crypt:1)
  A hornet (Vaults:5)
  24 slime creatures
  A spriggan (shapeshifter) (Vaults:5)
  3 shadows (Crypt:1)
  A naga (Snake:1)
  A wight (Crypt:1)
  An orc priest (Vaults:5)
  A leopard gecko skeleton (Crypt:1)
113 creatures vanquished.

Vanquished Creatures (others)
  A tengu reaver (Crypt:2)
  44 eldritch tentacles
  2 storm dragons
  A nagaraja (Snake:2)
  2 draconian shifters
  2 yellow draconians (Zot:4)
  A deep elf demonologist (Elf:3)
  An eidolon (Crypt:2)
  2 skeletal warriors (Crypt:2)
  A tengu conjurer (Depths:2)
  A slime creature (Swamp:3)
  A snapping turtle (Slime:1)
  A vampire mosquito (D:14)
  An orc warrior (D:15)
  2 slaves (D:6)
  A boggart (Vaults:3)
  A hippogriff skeleton (Crypt:2)
  A jelly (D:6)
  A worker ant (D:6)
  An orc (Vaults:5)
  2 briar patches (Swamp:2)
  24 fungi
  10 plants
  22 starspawn tentacles
  3 tentacles (Abyss:3)
  5 withered plants (Crypt:3)
134 creatures vanquished.

Grand Total: 3150 creatures vanquished

Notes
Turn   | Place    | Note
-------+----------+-------------------------------------------
     0 | D:1      | zhorgal the Gnoll Wanderer began the quest for the Orb.
     0 | D:1      | zhorgal set off with the following items: a +0 falchion, a
                  | scroll of teleportation, a +0 robe, a ration; and the
                  | following spell memorised: Sandblast; and the following
                  | spells available to memorise: Passwall, Stone Arrow,
                  | Petrify, Lee's Rapid Deconstruction
     0 | D:1      | Reached XP level 1. HP: 17/17 MP: 4/4
   108 | D:1      | Found a sparkling altar of Nemelex Xobeh.
   223 | D:1      | Reached XP level 2. HP: 22/23 MP: 5/5
   595 | D:1      | Reached XP level 3. HP: 25/28 MP: 7/7
  1319 | D:2      | Reached skill level 1 in Invocations
  1627 | D:2      | Reached skill level 1 in Short Blades
  1627 | D:2      | Reached skill level 1 in Long Blades
  1627 | D:2      | Reached skill level 1 in Axes
  1627 | D:2      | Reached skill level 1 in Maces & Flails
  1627 | D:2      | Reached skill level 1 in Polearms
  1627 | D:2      | Reached skill level 1 in Slings
  1627 | D:2      | Reached skill level 1 in Bows
  1627 | D:2      | Reached skill level 1 in Crossbows
  1627 | D:2      | Reached skill level 1 in Throwing
  1627 | D:2      | Reached skill level 1 in Armour
  1627 | D:2      | Reached skill level 1 in Stealth
  1627 | D:2      | Reached skill level 1 in Shields
  1627 | D:2      | Reached skill level 1 in Unarmed Combat
  1841 | D:2      | Reached XP level 4. HP: 27/34 MP: 8/8
  1906 | D:2      | Noticed Robin
  1919 | D:2      | Killed Robin
  2082 | D:2      | Found a glowing silver altar of Zin.
  2278 | D:2      | Found an iron altar of Okawaru.
  2379 | D:2      | Noticed Jessica
  2397 | D:2      | Killed Jessica
  2397 | D:2      | Reached skill level 1 in Conjurations
  2397 | D:2      | Reached skill level 1 in Hexes
  2397 | D:2      | Reached skill level 1 in Charms
  2397 | D:2      | Reached skill level 1 in Summonings
  2397 | D:2      | Reached skill level 1 in Necromancy
  2397 | D:2      | Reached skill level 1 in Translocations
  2397 | D:2      | Reached skill level 1 in Transmutations
  2397 | D:2      | Reached skill level 1 in Fire Magic
  2397 | D:2      | Reached skill level 1 in Ice Magic
  2397 | D:2      | Reached skill level 1 in Air Magic
  2397 | D:2      | Reached skill level 1 in Poison Magic
  2403 | D:2      | Reached XP level 5. HP: 36/40 MP: 6/9
  2772 | D:3      | Found a burning altar of Makhleb.
  2773 | D:3      | Found a shimmering altar of Xom.
  2986 | D:3      | Found a glowing golden altar of the Shining One.
  3072 | D:3      | Found a shadowy altar of Dithmenos.
  3732 | D:3      | Reached XP level 6. HP: 30/47 MP: 10/10
  3959 | D:3      | Reached skill level 2 in Invocations
  4365 | D:3      | Found an ornate altar of the Wu Jian Council.
  4691 | D:4      | Reached skill level 5 in Staves
  4691 | D:4      | Reached skill level 5 in Dodging
  4691 | D:4      | Reached skill level 5 in Evocations
  5160 | D:4      | Reached XP level 7. HP: 21/52 MP: 9/12
  6314 | D:5      | Entered Level 5 of the Dungeon
  6602 | D:5      | Learned a level 3 spell: Stone Arrow
  6763 | D:5      | Reached skill level 3 in Invocations
  6940 | D:5      | Reached XP level 8. HP: 60/60 MP: 4/14
  7250 | D:5      | Found a staircase to the Ecumenical Temple.
  7255 | D:5      | Got a slimy plate armour
  7262 | Temple   | Entered the Ecumenical Temple
  7422 | Temple   | Became a worshipper of Cheibriados the Contemplative
  7497 | D:5      | Identified the +3 plate armour "Ilynynole" {+Inv +Fly} (You
                  | found it on level 5 of the Dungeon)
  7505 | D:5      | Found a stormy altar of Qazlal.
  7506 | D:5      | Noticed an air elemental
  7506 | D:5      | Noticed a water elemental
  7739 | D:5      | Found a basalt altar of Yredelemnul.
  7823 | D:6      | Noticed Pikel
  7849 | D:5      | Killed Pikel
  7936 | D:6      | Reached skill level 4 in Invocations
  8005 | D:6      | Reached XP level 9. HP: 58/66 MP: 16/16
  8046 | D:6      | Noticed Eustachio
  8050 | D:6      | Reached skill level 5 in Earth Magic
  8079 | D:6      | Reached * piety under Cheibriados
  8555 | D:6      | Reached skill level 5 in Spellcasting
  8634 | D:6      | Found a shimmering blue altar of Sif Muna.
  8775 | D:6      | Killed Eustachio
  8775 | D:6      | Reached skill level 5 in Fighting
  8834 | D:6      | Found a runed translucent door.
  8835 | D:6      | Noticed Crazy Yiuf
  8842 | D:6      | Killed Crazy Yiuf
  8975 | D:7      | Reached ** piety under Cheibriados
  9287 | D:7      | Reached skill level 5 in Invocations
 10204 | D:8      | Found a transporter.
 10204 | D:8      | Found a transporter.
 10204 | D:8      | Noticed Aviak's ghost (novice DrAK)
 10276 | D:8      | Reached XP level 10. HP: 69/74 MP: 18/18
 10452 | D:8      | Reached *** piety under Cheibriados
 10721 | D:8      | Found an opulent altar of Gozag.
 10851 | D:8      | Reached skill level 5 in Short Blades
 10851 | D:8      | Reached skill level 5 in Long Blades
 10851 | D:8      | Reached skill level 5 in Axes
 10851 | D:8      | Reached skill level 5 in Maces & Flails
 10851 | D:8      | Reached skill level 5 in Polearms
 10851 | D:8      | Reached skill level 5 in Slings
 10851 | D:8      | Reached skill level 5 in Bows
 10851 | D:8      | Reached skill level 5 in Crossbows
 10851 | D:8      | Reached skill level 5 in Throwing
 10851 | D:8      | Reached skill level 5 in Armour
 10851 | D:8      | Reached skill level 5 in Stealth
 10851 | D:8      | Reached skill level 5 in Shields
 10851 | D:8      | Reached skill level 5 in Unarmed Combat
 10885 | D:8      | Found a radiant altar of Vehumet.
 11506 | D:9      | Reached **** piety under Cheibriados
 11597 | D:8      | Reached skill level 6 in Invocations
 11807 | D:9      | Found a flagged portal.
 11815 | D:9      | Got a transparent hand axe
 11834 | D:9      | Identified the +8 hand axe of Yteakigo {holy, rElec SInv}
                  | (You found it on level 9 of the Dungeon)
 11836 | Bailey   | Entered a bailey
 11847 | Bailey   | Noticed an orc warlord
 11914 | Bailey   | Noticed an orc knight
 11947 | Bailey   | HP: 1/76 [orc knight/+0 battleaxe (17)]
 11950 | Bailey   | Killed an orc knight
 12374 | Bailey   | Found a runed translucent gate.
 12374 | Bailey   | Found a runed translucent gate.
 12374 | Bailey   | Found a runed translucent gate.
 12575 | Bailey   | Killed an orc warlord
 12575 | Bailey   | Reached XP level 11. HP: 82/83 MP: 20/20
 12599 | Bailey   | Got a blackened plate armour
 12621 | Bailey   | Identified the cursed +1 plate armour of the Storm King
                  | {rPois rC++ rN+ Str-3} (You found it in a bailey)
 12702 | D:9      | Found a burning altar of Makhleb.
 12877 | D:9      | Reached ***** piety under Cheibriados
 13065 | D:9      | Reached skill level 5 in Conjurations
 13065 | D:9      | Reached skill level 5 in Hexes
 13065 | D:9      | Reached skill level 5 in Charms
 13065 | D:9      | Reached skill level 5 in Summonings
 13065 | D:9      | Reached skill level 5 in Necromancy
 13065 | D:9      | Reached skill level 5 in Translocations
 13065 | D:9      | Reached skill level 5 in Transmutations
 13065 | D:9      | Reached skill level 5 in Fire Magic
 13065 | D:9      | Reached skill level 5 in Ice Magic
 13065 | D:9      | Reached skill level 5 in Air Magic
 13065 | D:9      | Reached skill level 5 in Poison Magic
 13145 | D:10     | Entered Level 10 of the Dungeon
 13891 | D:10     | Found a staircase to the Orcish Mines.
 13900 | D:10     | Reached skill level 7 in Invocations
 14583 | Orc:1    | Entered Level 1 of the Orcish Mines
 14744 | Orc:1    | Noticed an orc high priest
 14988 | Orc:1    | Killed an orc high priest
 15040 | Orc:1    | Noticed Jorgrun
 15095 | D:11     | Reached XP level 12. HP: 82/91 MP: 21/23
 15341 | D:11     | Noticed Maurice
 15503 | D:11     | Noticed Urug
 15520 | D:11     | Killed Urug
 15592 | D:11     | Killed Maurice
 15876 | D:11     | Found a staircase to the Lair.
 16247 | D:11     | Learned a level 2 spell: Blink
 16251 | D:11     | Learned a level 3 spell: Lesser Beckoning
 16403 | Lair:1   | Entered Level 1 of the Lair of Beasts
 16423 | Lair:1   | Identified a scroll of acquirement
 16424 | Lair:1   | Got a wavering amethyst amulet
 16425 | Lair:1   | Identified the amulet "Pimel" {Harm *Drain rC++ Dex+4} (You
                  | acquired it on level 1 of the Lair of Beasts)
 16508 | Lair:1   | Reached skill level 8 in Invocations
 16508 | Lair:1   | Reached XP level 13. HP: 98/98 MP: 23/25
 17602 | Lair:2   | Got a blackened ring mail
 17674 | Lair:2   | Found a staircase to the Snake Pit.
 17686 | Lair:2   | Reached ****** piety under Cheibriados
 17981 | Lair:2   | Noticed Gastronok
 17992 | Lair:2   | Killed Gastronok
 18008 | Lair:2   | Reached skill level 9 in Invocations
 18450 | Lair:3   | Found a staircase to the Swamp.
 18672 | Lair:3   | Reached XP level 14. HP: 88/106 MP: 26/26
 18904 | Lair:3   | Learned a level 2 spell: Passwall
 19581 | Lair:3   | Identified the +0 ring mail "Volibla" {Slay+3} (You found
                  | it on level 2 of the Lair of Beasts)
 19783 | Lair:4   | Noticed Nergalle
 19790 | Lair:4   | Killed Nergalle
 19944 | Lair:4   | Got a brightly glowing morningstar
 19945 | Lair:4   | Identified the +7 morningstar "Nyll" {venom, *Contam rC+
                  | Str+8 Stlth+} (You found it on level 4 of the Lair of
                  | Beasts)
 20584 | Lair:5   | Found a staircase to the Slime Pits.
 21324 | Lair:6   | Entered Level 6 of the Lair of Beasts
 21337 | Lair:6   | Reached skill level 10 in Staves
 21337 | Lair:6   | Reached skill level 10 in Dodging
 21337 | Lair:6   | Reached skill level 10 in Evocations
 21887 | Lair:6   | Reached skill level 10 in Invocations
 22144 | Lair:6   | Reached XP level 15. HP: 107/115 MP: 28/28
 22972 | Orc:1    | Killed Jorgrun
 22972 | Orc:1    | Reached skill level 10 in Spellcasting
 23099 | Orc:1    | Reached skill level 10 in Fighting
 23366 | Orc:1    | Found a roughly hewn altar of Beogh.
 23652 | Orc:2    | Entered Level 2 of the Orcish Mines
 23652 | Orc:2    | Found a staircase to the Elven Halls.
 23680 | Orc:2    | Paralysed by an orc sorcerer for 7 turns
 23919 | Orc:2    | Learned a level 4 spell: Cause Fear
 23924 | Orc:2    | Learned a level 4 spell: Sticky Flame
 23930 | Orc:2    | Learned a level 5 spell: Lee's Rapid Deconstruction
 23936 | Orc:2    | Learned a level 5 spell: Fireball
 24097 | Orc:2    | Found Ytibrir's Jewellery Emporium.
 24165 | Orc:2    | Noticed an orc warlord
 24177 | Orc:2    | Killed an orc warlord
 24343 | Orc:2    | Found Vuih's Antique Armour Shop.
 24471 | Orc:2    | Found Gixy's General Store.
 24638 | Orc:2    | Found Danu's Antique Weapon Emporium.
 24680 | Orc:2    | Found a runed translucent door.
 24977 | Orc:2    | Reached skill level 10 in Short Blades
 24977 | Orc:2    | Reached skill level 10 in Long Blades
 24977 | Orc:2    | Reached skill level 10 in Axes
 24977 | Orc:2    | Reached skill level 10 in Maces & Flails
 24977 | Orc:2    | Reached skill level 10 in Polearms
 24977 | Orc:2    | Reached skill level 10 in Slings
 24977 | Orc:2    | Reached skill level 10 in Bows
 24977 | Orc:2    | Reached skill level 10 in Crossbows
 24977 | Orc:2    | Reached skill level 10 in Throwing
 24977 | Orc:2    | Reached skill level 10 in Armour
 24977 | Orc:2    | Reached skill level 10 in Stealth
 24977 | Orc:2    | Reached skill level 10 in Shields
 24977 | Orc:2    | Reached skill level 10 in Unarmed Combat
 25034 | Orc:2    | Found a roughly hewn altar of Beogh.
 25371 | D:12     | Noticed Josephine
 25377 | D:12     | Killed Josephine
 25449 | D:12     | Learned a level 4 spell: Summon Lightning Spire
 25594 | D:12     | Reached skill level 11 in Invocations
 25631 | D:12     | Reached XP level 16. HP: 112/123 MP: 30/30
 25686 | D:12     | Noticed Sonja
 25690 | D:12     | Killed Sonja
 27000 | D:13     | Found a gate to the Vaults.
 27579 | D:14     | Noticed Frances
 27586 | D:14     | Killed Frances
 27880 | D:14     | Noticed Snorg
 27892 | D:14     | Killed Snorg
 28089 | D:14     | Noticed Roxanne
 28105 | D:14     | Killed Roxanne
 28504 | D:14     | Noticed Louise
 28541 | D:14     | Killed Louise
 28941 | D:15     | Entered Level 15 of the Dungeon
 29119 | D:15     | Found a shattered altar of Ashenzari.
 29759 | D:15     | Reached skill level 10 in Earth Magic
 29817 | D:15     | Found a staircase to the Depths.
 30280 | Swamp:1  | Entered Level 1 of the Swamp
 30410 | Swamp:1  | Reached XP level 17. HP: 58/131 MP: 32/32
 31311 | Swamp:1  | You fall into a shaft and drop 1 floor!
 31343 | Swamp:2  | Reached skill level 12 in Invocations
 33084 | Swamp:3  | Learned a level 6 spell: Statue Form
 33218 | Swamp:3  | Noticed Bai Suzhen
 33539 | Swamp:3  | Killed Bai Suzhen
 35232 | Swamp:4  | Entered Level 4 of the Swamp
 35374 | Swamp:4  | Reached XP level 18. HP: 123/140 MP: 33/33
 35525 | Swamp:4  | Reached skill level 10 in Conjurations
 35525 | Swamp:4  | Reached skill level 10 in Hexes
 35525 | Swamp:4  | Reached skill level 10 in Charms
 35525 | Swamp:4  | Reached skill level 10 in Summonings
 35525 | Swamp:4  | Reached skill level 10 in Necromancy
 35525 | Swamp:4  | Reached skill level 10 in Translocations
 35525 | Swamp:4  | Reached skill level 10 in Transmutations
 35525 | Swamp:4  | Reached skill level 10 in Fire Magic
 35525 | Swamp:4  | Reached skill level 10 in Ice Magic
 35525 | Swamp:4  | Reached skill level 10 in Air Magic
 35525 | Swamp:4  | Reached skill level 10 in Poison Magic
 36247 | Swamp:4  | Got a decaying rune of Zot
 36517 | Swamp:4  | Identified the +10 broad axe of Beyond {chop, rElec Str-2
                  | Int+5} (You found it on level 4 of the Swamp)
 37217 | Snake:1  | Entered Level 1 of the Snake Pit
 37366 | Snake:1  | Found an iron altar of Okawaru.
 37966 | Lair:6   | Learned a level 3 spell: Regeneration
 38266 | Snake:1  | Reached skill level 13 in Invocations
 38466 | Snake:1  | You fall into a shaft and drop 1 floor!
 39175 | Snake:2  | Noticed Aizul
 39189 | Snake:2  | Killed Aizul
 39639 | Snake:2  | Found Feahumis's Gadget Shoppe.
 39639 | Snake:2  | Found Fodoicw Sais's Jewellery Boutique.
 39640 | Snake:2  | Found Wiffeedu's Jewellery Boutique.
 39655 | Snake:2  | Bought the brooch of Shielding {Reflect SH+8} for 1594 gold
                  | pieces
 39655 | Snake:2  | Found the brooch of Shielding {Reflect SH+8}
 40303 | Snake:3  | Reached XP level 19. HP: 131/147 MP: 35/35
 40613 | Snake:4  | Entered Level 4 of the Snake Pit
 40664 | Snake:4  | Found Asiba Dey's Antique Armour Shop.
 41039 | Snake:4  | Noticed Saint Roka
 41067 | Snake:4  | Killed Saint Roka
 41662 | Snake:4  | Noticed Vashnia
 41712 | Snake:4  | Killed Vashnia
 42615 | Snake:4  | Got a serpentine rune of Zot
 42846 | Vaults:1 | Entered Level 1 of the Vaults
 43476 | Vaults:1 | Noticed Rupert
 43482 | Vaults:1 | Reached XP level 20. HP: 79/156 MP: 26/37
 43484 | Vaults:1 | Killed Rupert
 43757 | Vaults:1 | Reached skill level 14 in Invocations
 43757 | Vaults:1 | Paralysed by a vampire knight for 3 turns
 45625 | Vaults:2 | Identified a +0 pair of boots of running (You found it on
                  | level 2 of the Vaults)
 45826 | Vaults:2 | Paralysed by a great orb of eyes for 3 turns
 46129 | Vaults:3 | Cast into level 2 of the Abyss (a wizard)
 46129 | Abyss:2  | Found a corrupted altar of Lugonu.
 46313 | Abyss:2  | Reached XP level 21. HP: 164/164 MP: 38/38
 46363 | Vaults:3 | Escaped the Abyss
 46701 | Vaults:3 | Noticed a bone dragon
 46717 | Vaults:3 | Killed a bone dragon
 46927 | Vaults:3 | Noticed Mara
 46955 | Vaults:3 | Killed Mara
 47853 | Vaults:3 | Found a staircase to the Crypt.
 48743 | Vaults:3 | Found Obbinaf's Antique Armour Emporium.
 49148 | Vaults:4 | Reached skill level 15 in Invocations
 49981 | Vaults:4 | Reached XP level 22. HP: 118/172 MP: 31/40
 50262 | Vaults:4 | Found Emimadgh's Armour Boutique.
 50539 | Depths:1 | Entered Level 1 of the Depths
 51547 | Depths:1 | Found a gateway to Hell.
 51726 | Depths:1 | Learned a level 4 spell: Passage of Golubria
 52075 | Depths:2 | Paralysed by a great orb of eyes for 7 turns
 52253 | Depths:2 | Found Diowka's Mass Market.
 52377 | Depths:2 | Reached skill level 15 in Staves
 52377 | Depths:2 | Reached skill level 15 in Dodging
 52377 | Depths:2 | Reached skill level 15 in Evocations
 52601 | Depths:2 | Identified the amulet "Rulamifubbi" {Acrobat rC++ MP-9
                  | Int+3} (You acquired it on level 2 of the Depths)
 52708 | Depths:2 | You fall into a shaft and drop 2 floors!
 52853 | Depths:3 | Paralysed by a floating eye for 4 turns
 53256 | Depths:3 | Found a one-way gate leading to the halls of Pandemonium.
 53653 | Depths:2 | Paralysed by a vampire knight for 4 turns
 53744 | Depths:2 | Noticed a golden dragon
 53754 | Depths:2 | Killed a golden dragon
 53754 | Depths:2 | Reached XP level 23. HP: 101/180 MP: 41/41
 53986 | Depths:2 | Reached skill level 15 in Spellcasting
 54068 | Depths:2 | Reached skill level 15 in Fighting
 54206 | Depths:2 | Reached skill level 16 in Invocations
 54490 | Depths:2 | Identified the +4 spear of Floods {elec, rElec}
 54680 | Depths:2 | Learned a level 6 spell: Freezing Cloud
 54936 | Depths:3 | Reached skill level 15 in Short Blades
 54936 | Depths:3 | Reached skill level 15 in Long Blades
 54936 | Depths:3 | Reached skill level 15 in Axes
 54936 | Depths:3 | Reached skill level 15 in Maces & Flails
 54936 | Depths:3 | Reached skill level 15 in Polearms
 54936 | Depths:3 | Reached skill level 15 in Slings
 54936 | Depths:3 | Reached skill level 15 in Bows
 54936 | Depths:3 | Reached skill level 15 in Crossbows
 54936 | Depths:3 | Reached skill level 15 in Throwing
 54936 | Depths:3 | Reached skill level 15 in Armour
 54936 | Depths:3 | Reached skill level 15 in Stealth
 54936 | Depths:3 | Reached skill level 15 in Shields
 54936 | Depths:3 | Reached skill level 15 in Unarmed Combat
 55162 | Depths:3 | Found a one-way gate to the infinite horrors of the Abyss.
 55238 | Depths:3 | Paralysed by a floating eye for 4 turns
 56786 | Depths:3 | Reached XP level 24. HP: 132/189 MP: 40/42
 58701 | Depths:5 | Entered Level 5 of the Depths
 58899 | Depths:5 | Found an opulent altar of Gozag.
 58899 | Depths:5 | Noticed Frederick
 58909 | Depths:5 | Killed Frederick
 58924 | Depths:5 | Found a gateway to a ziggurat.
 58925 | Depths:5 | Noticed Mennas
 58966 | Depths:5 | Killed Mennas
 59027 | Depths:5 | Found a sacrificial altar of Ru.
 59050 | Depths:5 | Paralysed by a great orb of eyes for 2 turns
 59263 | Depths:5 | Found a stormy altar of Qazlal.
 59353 | Depths:5 | Found a gate to the Realm of Zot.
 59672 | Depths:5 | Noticed a caustic shrike
 59680 | Depths:5 | Noticed a juggernaut
 59687 | Depths:5 | Killed a juggernaut
 59945 | Depths:5 | Reached skill level 17 in Invocations
 59950 | Depths:5 | Reached XP level 25. HP: 197/197 MP: 38/43
 60296 | Depths:5 | Learned a level 7 spell: Malign Gateway
 60930 | Crypt:1  | Entered Level 1 of the Crypt
 61526 | Crypt:1  | Found a large runed translucent door.
 61526 | Crypt:1  | Found a large runed translucent door.
 61527 | Crypt:1  | Noticed Hali's ghost (veteran FoFi)
 62447 | Crypt:2  | Noticed Sojobo
 62475 | Crypt:2  | Killed Sojobo
 62958 | Crypt:3  | Entered Level 3 of the Crypt
 63433 | Crypt:3  | Found a staircase to the Tomb.
 63610 | Crypt:3  | Found a basalt altar of Yredelemnul.
 63640 | Crypt:3  | Reached XP level 26. HP: 206/206 MP: 42/43
 63752 | Crypt:3  | Identified Fygag's Disquisition on Black Magic
 63777 | Crypt:3  | Identified a +2 pair of boots of running (You found it on
                  | level 3 of the Crypt)
 64615 | Elf:1    | Entered Level 1 of the Elven Halls
 64680 | Elf:1    | Identified the +7 morningstar of Beogh's Condemnation
                  | {venom, Str+4} (You found it on level 1 of the Elven Halls)
 64891 | Elf:1    | Found a runed translucent gate.
 64891 | Elf:1    | Found a runed translucent gate.
 64891 | Elf:1    | Found a runed translucent gate.
 64891 | Elf:1    | Found a runed translucent gate.
 64891 | Elf:1    | Found a runed translucent gate.
 64894 | Elf:1    | Found a runed translucent gate.
 65330 | Elf:1    | Found Banidano's Magic Scroll Shoppe.
 65342 | Elf:1    | Bought a scroll of fear for 56 gold pieces
 65342 | Elf:1    | Bought a scroll of fog for 32 gold pieces
 65342 | Elf:1    | Bought a scroll of magic mapping for 56 gold pieces
 65342 | Elf:1    | Bought 3 scrolls of teleportation for 144 gold pieces
 66762 | Elf:2    | Reached skill level 18 in Invocations
 66783 | Elf:2    | Found a runed translucent gate.
 66784 | Elf:2    | Found a runed translucent gate.
 66784 | Elf:2    | Found a runed translucent gate.
 67267 | Elf:3    | Entered Level 3 of the Elven Halls
 67703 | Elf:3    | Found Moom's Armour Shoppe.
 67852 | Elf:3    | Cast into level 3 of the Abyss (a deep elf demonologist)
 68117 | Abyss:3  | Gained mutation: Your spells are a little easier to cast,
                  | but a little less powerful. [a neqoxec]
 68118 | Abyss:3  | Gained mutation: Your body sometimes deteriorates upon
                  | taking damage. [a neqoxec]
 68127 | Abyss:3  | Reached skill level 15 in Earth Magic
 68204 | Abyss:3  | Reached XP level 27. HP: 106/214 MP: 44/44
 68260 | Abyss:3  | Found a corrupted altar of Lugonu.
 68755 | Abyss:3  | Paralysed by accursed screaming for 1 turns
 68795 | Abyss:3  | Noticed an ancient lich
 68808 | Abyss:3  | Killed an ancient lich
 68977 | Abyss:3  | Learned a level 5 spell: Borgnjor's Vile Clutch
 69070 | Abyss:3  | Got an abyssal rune of Zot
 69143 | Abyss:3  | Paralysed by accursed screaming for 1 turns
 69276 | Elf:3    | Escaped the Abyss
 69509 | Elf:3    | Identified the cursed +0 broad axe of Nappenaidd {holy,
                  | +Rage Int+4 Dex+4}
 69509 | Elf:3    | Identified the +2 leather armour of Midnight {Str+3 SInv
                  | Stlth-}
 69514 | Elf:3    | Reached skill level 15 in Conjurations
 69514 | Elf:3    | Reached skill level 15 in Hexes
 69514 | Elf:3    | Reached skill level 15 in Charms
 69514 | Elf:3    | Reached skill level 15 in Summonings
 69514 | Elf:3    | Reached skill level 15 in Necromancy
 69514 | Elf:3    | Reached skill level 15 in Translocations
 69514 | Elf:3    | Reached skill level 15 in Transmutations
 69514 | Elf:3    | Reached skill level 15 in Fire Magic
 69514 | Elf:3    | Reached skill level 15 in Ice Magic
 69514 | Elf:3    | Reached skill level 15 in Air Magic
 69514 | Elf:3    | Reached skill level 15 in Poison Magic
 69528 | Elf:3    | Identified the +4 broad axe of the Beast {flame, *Rage
                  | rElec MR++}
 69528 | Elf:3    | Identified the ring of Dim Light {rPois rN+ MR- Int+5
                  | Dex+2}
 69555 | Elf:3    | Identified the +6 great sword "Waodgh" {slice, *Rage +Blink
                  | Dex+2}
 69611 | Elf:3    | Identified the +7 chain mail of Sompym {rF+++ Str+7 Dex-5}
 69821 | Elf:3    | Found the +0 pair of fencer's gloves {Riposte Dex+3}
 69844 | Elf:3    | Identified a +2 pair of boots of running (You found it on
                  | level 3 of the Elven Halls)
 70405 | Vaults:5 | Entered Level 5 of the Vaults
 70663 | Vaults:5 | Reached skill level 19 in Invocations
 70694 | Vaults:5 | Noticed an ancient lich
 70709 | Vaults:5 | Killed an ancient lich
 70890 | Vaults:5 | Identified the +3 chain mail of the Blessed Realm {*Slow
                  | rN+ MR+} (You found it on level 5 of the Vaults)
 70911 | Vaults:5 | Identified the cursed +1 robe "Rotufrum" {+Blink rF+}
 71079 | Vaults:5 | HP: 4/217 [titan (17)]
 72023 | Vaults:5 | Identified the ring of Generosity {rC+ Dex+6}
 72149 | Vaults:5 | Got a silver rune of Zot
 72154 | Vaults:5 | Identified the +4 long sword "Zouth" {pain, rC+ SInv} (You
                  | found it on level 5 of the Vaults)
 72446 | Vaults:5 | Upgraded the game from 0.24.0-2-g5b39cebb1c to
                  | 0.24.0-5-g267a8d59f4
 72470 | Vaults:5 | Identified the +5 ring mail of Alle {rElec rN+ Str+2
                  | Slay+5} (You found it on level 5 of the Vaults)
 73137 | Slime:1  | Entered Level 1 of the Pits of Slime
 73354 | Slime:2  | Noticed Dissolution
 73363 | Slime:2  | Killed Dissolution
 73483 | Slime:5  | Entered Level 5 of the Pits of Slime
 73510 | Slime:5  | Gained mutation: You are weak. (Str -2) [a shining eye]
 73675 | Slime:5  | Found a viscous altar of Jiyva.
 73675 | Slime:5  | Noticed the Royal Jelly
 73697 | Slime:5  | Killed the Royal Jelly
 73841 | Slime:5  | Identified the +3 large shield "Cuadyum" {-Cast rF- Dex+5
                  | Slay+3} (You found it on level 5 of the Pits of Slime)
 73852 | Slime:5  | Got a slimy rune of Zot
 73931 | Slime:5  | Identified the ring "Teclosy" {+Fly rF- rC++ Str+4} (You
                  | found it on level 5 of the Pits of Slime)
 74433 | Depths:5 | Learned a level 6 spell: Shadow Creatures
 74514 | Zot:1    | Entered Level 1 of the Realm of Zot
 75075 | Depths:5 | Learned a level 2 spell: Sticks to Snakes
 75081 | Depths:5 | Learned a level 5 spell: Summon Mana Viper
 75247 | Zot:1    | Cast into level 5 of the Abyss (miscasting Malign Gateway)
 75247 | Abyss:5  | Entered Level 5 of the Abyss
 75266 | Abyss:5  | Paralysed by accursed screaming for 1 turns
 75361 | Abyss:5  | Found a corrupted altar of Lugonu.
 75404 | Zot:1    | Escaped the Abyss
 77028 | Zot:3    | Reached skill level 20 in Invocations
 77299 | Zot:3    | Noticed an orb of fire
 77324 | Zot:3    | Killed an orb of fire
 77564 | Zot:3    | Noticed an orb of fire
 77565 | Zot:3    | Noticed an orb of fire
 77565 | Zot:3    | Gained mutation: You occasionally shout uncontrollably at
                  | your foes. [an orb of fire]
 77569 | Zot:3    | Gained mutation: You are very weak. (Str -4) [an orb of
                  | fire]
 77572 | Zot:3    | Gained mutation: Scrolls take you a little longer to read.
                  | [an orb of fire]
 77573 | Zot:3    | Gained mutation: Potions are less effective at restoring
                  | your health. [an orb of fire]
 77577 | Zot:3    | HP: 1/220 [orb of fire/bolt of fire (35)]
 77578 | Zot:3    | Killed an orb of fire
 77579 | Zot:3    | Gained mutation: Your spells are easier to cast, but less
                  | powerful. [an orb of fire]
 77870 | Zot:3    | Gained mutation: Your magical capacity is low. (-10% MP)
                  | [an orb of fire]
 77881 | Zot:3    | Gained mutation: You are clumsy. (Dex -2) [an orb of fire]
 77883 | Zot:3    | Killed an orb of fire
 78253 | Zot:3    | Upgraded the game from 0.24.0-5-g267a8d59f4 to
                  | 0.24.0-7-gb3623d2c88
 78253 | Zot:3    | Upgraded the game from 0.24.0-7-gb3623d2c88 to
                  | 0.24.0-10-g970556be89
 79315 | Zot:4    | Killed from afar by a purple draconian knight

Levels and vault maps discovered:
D:1:      sevenhm_arrival_forest_fort_large_2, layout_loops_ring, nrook_uturn,
          nemelex_xobeh_ov_fountains_minmay
D:2:      layout_loops_cross, overflow_temple_1_default,
          nicolae_overflow_hidden_temple, first_ration, uniq_jessica, uniq_robin
D:3:      layout_basic, grunt_temple_overflow_champion_of_chaos,
          grunt_dithmenos_smoke, lemuel_doored_altar, lemuel_round_altar,
          kennysheep_generic_room_11
D:4:      layout_gridville, grunt_decor_arrowhead
D:5:      layout_rooms, nicolae_qazlal_style_of_elements,
          lemuel_zombie_altar_yredelemnul, minmay_temple_entry_wispy, hex_large
D:6:      layout_rooms, old_standard_altar, uniq_crazy_yiuf_cottage,
          uniq_eustachio, uniq_pikel
D:7:      layout_layer_cave
D:8:      layout_loops_ring, lemuel_crystal_altar, grunt_gozag_breadcrumbs,
          gammafunk_ghost_smash, hangedman_pestilent_swarm
D:9:      layout_rooms, enter_bailey_2, lemuel_altar_in_water
D:10:     lemuel_ice_statue, layout_basic,
          kennysheep_orc_monster_closet_entryway
D:11:     layout_gridville, david_lair_generic, serial_co_window_serial,
          co_window_of_opportunity_a, co_window_of_opportunity_a,
          co_window_paths_a, co_window_paths_a, co_window_paths_a,
          co_window_of_opportunity_a, co_window_paths_a, co_window_broadway_c,
          co_window_broadway_b, co_window_broadway_a, co_window_2corner,
          co_window_corner_cb, co_window_of_opportunity_c, co_window_4corner_a,
          glass_columns_a, glass_columns_b, glass_columns_b, uniq_maurice,
          uniq_urug
D:12:     kennysheep_bubbly, layout_basic, uniq_sonja, uniq_josephine
D:13:     layout_basic, david_vaults_4, gauntlet_entry_generic
D:14:     layout_irregular_city, kennysheep_cross_room, st_stairs_3,
          uniq_frances, uniq_roxanne, uniq_louise, uniq_snorg
D:15:     hangedman_depths_entry_try_elsewhere_first, layout_long_grid,
          minmay_misc_feat_cross, basic_altar
Temple:   dpeg_chambers_temple
Lair:1:   layout_cave_pods, infiniplex_staircase_pool, lemuel_fruit_tree
Lair:2:   layout_cave_pods, minmay_snake_entry_six_corridors, uniq_gastronok
Lair:3:   layout_long_grid, minmay_swamp_entry_swarm,
          grunt_forest_large_clearings
Lair:4:   layout_loops_ring, uniq_nergalle
Lair:5:   layout_roguey, minmay_slime_entry_oklob_open
Lair:6:   minmay_lair_end_enchanted_forest, layout_misc_corridors,
          grunt_megastairs_1, minmay_lair_oklob_chamber
Swamp:1:  layout_falls_marsh, evilmike_swamp_ruin_house_5,
          infiniplex_staircase_pool_2
Swamp:2:  layout_falls_marsh, serial_swamp_ruin, evilmike_swamp_ruin_house_2,
          evilmike_swamp_ruin_rubble_2, hangedman_swamp_ruin_wall
Swamp:3:  nicolae_swamp_phyte_club, layout_basic_swamp, hangedman_swamp_lotus,
          uniq_bai_suzhen
Swamp:4:  swamp_basic_johnstein, layout_basic_swamp
Snake:1:  layout_misc_corridors, basic_altar, nicolae_snake_round_shape_thing
Snake:2:  layout_gridlike, minmay_shop_grove, uniq_aizul
Snake:3:  layout_rooms
Snake:4:  johnstein_snake_rune_scales, layout_basic, serial_shops, shop,
          nrook_loot_triangle, st_stairs_5, uniq_saint_roka
Slime:1:  nicolae_slime_pool, layout_caves
Slime:2:  layout_caves, uniq_dissolution
Slime:3:  layout_caves
Slime:4:  layout_caves
Slime:5
Orc:1:    layout_diamond_mine, basic_altar, nicolae_orc_flooded_monolith,
          uniq_jorgrun
Orc:2:    grunt_orc_gardens, layout_caves, grunt_orc_garden, grunt_orc_garden,
          grunt_orc_garden, grunt_orc_garden, lightli_church_of_beogh
Elf:1:    minmay_elf_arrival_plus, layout_onion_city, serial_shops,
          nicolae_shop_statue_plus, orc_legates, st_stairs_8,
          hangedman_elven_pyramids
Elf:2:    layout_loops_corners
Elf:3:    minmay_elf_hall_curves, layout_geoelf_castle, serial_shops, shop
Vaults:1: vaults_dpeg_spiral, sword_in_stone, v_misc_12,
          hangedman_vaults_unwind, nicolae_vaults_specimen_jars,
          nicolae_vaults_puzzle_piece, v_misc_9, nicolae_vaults_border_crossing,
          ontoclasm_vaults_twist, layout_vaults_big_room
Vaults:2: nicolae_vaults_circle_grid_a, vaults_mumra_minichess_inversion,
          v_misc_25, grunt_vaults_hallway_long, v_misc_15,
          hangedman_vaults_snaps, nicolae_vaults_little_squares_3,
          st_quartered_hall, vaults_mumra_minichess,
          nicolae_vaults_little_squares_1, v_misc_4, ontoclasm_vaults_eye,
          v_alt_pattern_3, layout_vaults_maze
Vaults:3: v_misc_8, vaults_dpeg_ring, grunt_vaults_trifunnel,
          minmay_crypt_entry_nasty_monster, st_spiral_rooms, v_misc_12,
          nicolae_vaults_little_squares_1, nicolae_vaults_asterisk,
          hangedman_vaults_maws, layout_vaults_omnigrid, serial_shops,
          nicolae_shop_overgrown_old_shop, uniq_mara
Vaults:4: nicolae_vaults_theta, v_alt_pattern_3, ontoclasm_vaults_misaligned,
          v_misc_12, nicolae_vaults_three_branches, ontoclasm_vaults_gateway,
          vaults_dpeg_hooks, ontoclasm_vaults_shuriken, dpeg_vaults_monster_box,
          v_misc_10, v_rooms_4, nicolae_vaults_angled_halls,
          hangedman_vaults_hat, v_misc_25, ontoclasm_vaults_misaligned,
          layout_vaults_omnicross
Vaults:5: serial_shops
Crypt:1:  layout_gridlike, ebering_ghost_disaster_area, st_stairs_3,
          grunt_crypt_arrival_webbed
Crypt:2:  statuecave_lemuel, layout_chaotic_city, grunt_ministairs_10,
          uniq_sojobo
Crypt:3:  evilmike_haunted_forest
Depths:1: layout_gridlike, grunt_hell_entry_demonic_statue,
          grunt_decor_fettered, lemuel_nasty_fountain
Depths:2: grunt_bent_corner, layout_cave_pools, rand_demon_pan_entry_4,
          hell_entry, minmay_shop_mass, chequers_hall_statues_wall_a,
          serial_bayou_shore_b
Depths:3: minmay_open_boxes_in_corner, layout_small_grid,
          rand_demon_pan_entry_3, abyss_entry_crystal, hell_entry,
          corner_web_ring, kennysheep_generic_room_12, grunt_megastairs_2,
          infiniplex_staircase_diamond
Depths:4: minmay_triangles_in_corner, layout_gridville, hangedman_decor_points,
          hangedman_coc_ice_floe, abyss_entry
Depths:5: hangedman_slaughterboxes, hell_entry, serial_shops, uniq_frederick,
          uniq_mennas
Zot:1:    layout_misc_corridors, grunt_megastairs_3
Zot:2:    layout_basic
Zot:3:    layout_basic, lemuel_lake_of_fire
Zot:4:    layout_twisted_circle

Skill      XL: |  1  2  3  4  5  6  7  8  9 10 11 12 13 14 15 16 17 18 19 20 21 22 23 24 25 26 27 |
---------------+----------------------------------------------------------------------------------+-----
Invocations    | 1 2 3 4 5 6 7 8 9 10 11 12 13 14 15 16 17 18 20 | 20.3
Short Blades   | 1 2 3 4 5 6 7 8 9 10 11 12 13 14 15 16 18 | 18.9
Long Blades    | 1 2 3 4 5 6 7 8 9 10 11 12 13 14 15 16 18 | 18.9
Axes           | 1 2 3 4 5 6 7 8 9 10 11 12 13 14 15 16 18 | 18.9
Maces & Flails | 1 2 3 4 5 6 7 8 9 10 11 12 13 14 15 16 18 | 18.9
Polearms       | 1 2 3 4 5 6 7 8 9 10 11 12 13 14 15 16 18 | 18.9
Slings         | 1 2 3 4 5 6 7 8 9 10 11 12 13 14 15 16 18 | 18.9
Bows           | 1 2 3 4 5 6 7 8 9 10 11 12 13 14 15 16 18 | 18.9
Crossbows      | 1 2 3 4 5 6 7 8 9 10 11 12 13 14 15 16 18 | 18.9
Throwing       | 1 2 3 4 5 6 7 8 9 10 11 12 13 14 15 16 18 | 18.9
Armour         | 1 2 3 4 5 6 7 8 9 10 11 12 13 14 15 16 18 | 18.9
Stealth        | 1 2 3 4 5 6 7 8 9 10 11 12 13 14 15 16 18 | 18.9
Shields        | 1 2 3 4 5 6 7 8 9 10 11 12 13 14 15 16 18 | 18.9
Unarmed Combat | 1 2 3 4 5 6 7 8 9 10 11 12 13 14 15 16 18 | 18.9
Spellcasting   | 3 4 5 6 7 8 9 10 11 12 13 14 15 16 17 19 | 19.1
Conjurations   | 1 2 3 4 5 6 7 8 9 10 11 12 13 14 16 | 16.3
Hexes          | 1 2 3 4 5 6 7 8 9 10 11 12 13 14 16 | 16.3
Charms         | 1 2 3 4 5 6 7 8 9 10 11 12 13 14 16 | 16.3
Summonings     | 1 2 3 4 5 6 7 8 9 10 11 12 13 14 16 | 16.3
Necromancy     | 1 2 3 4 5 6 7 8 9 10 11 12 13 14 16 | 16.3
Translocations | 1 2 3 4 5 6 7 8 9 10 11 12 13 14 16 | 16.3
Transmutations | 1 2 3 4 5 6 7 8 9 10 11 12 13 14 16 | 16.3
Fire Magic     | 1 2 3 4 5 6 7 8 9 10 11 12 13 14 16 | 16.3
Ice Magic      | 1 2 3 4 5 6 7 8 9 10 11 12 13 14 16 | 16.3
Air Magic      | 1 2 3 4 5 6 7 8 9 10 11 12 13 14 16 | 16.3
Poison Magic   | 1 2 3 4 5 6 7 8 9 10 11 12 13 14 16 | 16.3
Fighting       | 3 4 5 6 7 8 9 10 11 12 13 14 15 16 17 19 | 19.0
Earth Magic    | 4 5 6 7 8 9 10 11 12 13 14 15 16 | 16.7
Staves         | 5 6 7 8 9 10 11 12 13 14 15 16 17 19 | 19.3
Dodging        | 5 6 7 8 9 10 11 12 13 14 15 16 17 19 | 19.3
Evocations     | 5 6 7 8 9 10 11 12 13 14 15 16 17 19 | 19.3

Action                   |  1- 3 |  4- 6 |  7- 9 | 10-12 | 13-15 | 16-18 | 19-21 | 22-24 | 25-27 || total
-------------------------+-------+-------+-------+-------+-------+-------+-------+-------+-------++-------
Melee: Falchion          |   102 |   231 |    87 |       |       |       |       |       |       ||   420
       Bite              |     9 |    29 |    40 |    85 |   203 |   282 |   227 |   230 |   365 ||  1470
       Punch             |     1 |       |     4 |     5 |       |       |       |       |       ||    10
       Hand axe          |       |       |   235 |   203 |       |       |       |       |       ||   438
       Broad axe         |       |       |       |   250 |   222 |   259 |  1040 |   844 |  1865 ||  4480
       Morningstar       |       |       |       |       |   648 |   944 |       |       |       ||  1592
       Demon whip        |       |       |       |       |       |       |       |   218 |       ||   218
 Fire: Hunting sling     |       |     4 |       |       |       |       |       |       |       ||     4
Throw: Dart              |       |       |     4 |       |       |       |       |       |       ||     4
       Boomerang         |       |       |       |    24 |     7 |       |       |       |       ||    31
       Javelin           |       |       |       |       |       |       |       |     1 |       ||     1
 Cast: Sandblast         |     7 |    42 |    37 |    11 |       |       |       |       |       ||    97
       Stone Arrow       |       |       |     4 |       |       |       |       |       |       ||     4
       Lesser Beckoning  |       |       |       |       |    21 |    24 |    17 |    25 |    30 ||   117
       Lee's Rapid Decon |       |       |       |       |       |     3 |    20 |    15 |    33 ||    71
       Summon Lightning  |       |       |       |       |       |     6 |       |     3 |    16 ||    25
       Sticky Flame      |       |       |       |       |       |    13 |     4 |    23 |     7 ||    47
       Regeneration      |       |       |       |       |       |     3 |    10 |    34 |    50 ||    97
       Passage of Golubr |       |       |       |       |       |       |       |     1 |       ||     1
       Fireball          |       |       |       |       |       |       |       |    10 |     7 ||    17
       Passwall          |       |       |       |       |       |       |       |     1 |       ||     1
       Cause Fear        |       |       |       |       |       |       |       |     1 |       ||     1
       Statue Form       |       |       |       |       |       |       |       |    20 |   168 ||   188
       Malign Gateway    |       |       |       |       |       |       |       |       |    44 ||    44
       Freezing Cloud    |       |       |       |       |       |       |       |       |    11 ||    11
       Borgnjor's Vile C |       |       |       |       |       |       |       |       |    14 ||    14
       Shadow Creatures  |       |       |       |       |       |       |       |       |    12 ||    12
       Summon Mana Viper |       |       |       |       |       |       |       |       |     5 ||     5
Invok: Bend Time         |       |       |       |     3 |       |       |       |     1 |     1 ||     5
       Slouch            |       |       |       |     3 |     8 |     3 |    10 |     9 |    10 ||    43
       Temporal Distorti |       |       |       |       |       |     1 |     1 |       |       ||     2
       Step From Time    |       |       |       |       |       |     1 |       |       |       ||     1
 Abil: Evoke Flight      |       |       |       |     3 |     2 |       |       |       |       ||     5
Evoke: Wand              |       |       |       |     8 |     2 |     5 |       |     3 |       ||    18
  Use: Potion            |       |     3 |     1 |     4 |       |     2 |     1 |       |    10 ||    21
       Scroll            |       |       |    15 |    12 |     5 |     5 |     7 |    18 |    35 ||    97
 Stab: Sleeping          |     1 |     1 |     1 |       |     1 |     3 |     5 |     4 |    29 ||    45
       Distracted        |       |       |       |     1 |     1 |     5 |     3 |     5 |    18 ||    33
       Confused          |       |       |       |       |       |     3 |       |       |       ||     3
       Paralysed         |       |       |       |       |       |       |     1 |       |     3 ||     4
       Invisible         |       |       |       |       |       |       |       |       |     2 ||     2
  Eat: Chunk             |     3 |    11 |    12 |    13 |    19 |    21 |    20 |    22 |    26 ||   147
       Ration            |       |       |       |       |       |     2 |       |       |     6 ||     8
Armor: Robe              |    10 |       |       |       |       |       |       |     8 |    25 ||    43
       Leather armour    |     7 |    49 |    33 |       |       |       |       |       |       ||    89
       Plate armour      |       |       |   183 |   327 |   375 |   489 |   331 |   319 |       ||  2024
       Skin              |       |       |       |       |       |       |       |    82 |   430 ||   512
       Gold dragon scale |       |       |       |       |       |       |       |       |   149 ||   149
Dodge: Dodged            |   100 |   198 |   154 |   351 |   554 |   745 |   481 |   658 |  1573 ||  4814
Block: Buckler           |       |       |       |    49 |       |       |       |       |       ||    49
       Shield            |       |       |       |   115 |   812 |   223 |       |       |       ||  1150
       Large shield      |       |       |       |       |       |  1353 |  1382 |  1278 |  2524 ||  6537
       Reflection        |       |       |       |       |       |     7 |    71 |       |       ||    78
       Rpst.: Falchion   |    27 |    54 |    31 |       |       |       |       |       |       ||   112
